AoeStats
← Eugenius

Black Forest

508739722Analyzed
4v4 RM · 8d ago on Sep 23, 2026· 48m 18s· 8 players
Game mode
Random Map
Map size
Large (8 player)
Population
200
Speed
Normal
Resources
Standard
Victory
Conquest
Starting age
Dark Age
Ending age
Imperial Age
RankedLock teamsTeams togetherTeam positionsShared explorationLock speedFull tech treeHidden civsTurbo modeCheats
Victory
Defeat
🇲🇽 Varangians · Mexico
1821
+14
🇲🇽 Shu · Mexico
1708
+18
🇲🇽 Hindustanis · Mexico
1689
+19
🇨🇱 Maya · Chile
1663
+20
🇺🇸 Italians · United States
1828
-20
🇲🇽 Gurjaras · Mexico
1762
-18
🇵🇪 Magyars · Peru
1762
-18
🇻🇳 Wu · Vietnam
1682
-15
eL|Hooligan
11:20 Feudal Age
14:50 Castle Age
13:05 Fishing Lines
14:38 Double-Bit Axe
15:31 Wheelbarrow
16:16 Bow Saw
19:27 Loom
24:29 Forging
24:24 Scale Barding Armor
41:48 Town Watch
43:28 Horse Collar
45:34 Heavy Plow
47:42 Hand Cart
47:19 Gold Mining
47:20 Stone Mining
Ux'LobodeLaNieve
1:17 Loom
13:18 Feudal Age
17:22 Castle Age
15:35 Double-Bit Axe
20:04 Horse Collar
25:38 Wheelbarrow
24:45 Fishing Lines
26:28 Bow Saw
27:16 Hand Cart
27:02 Gillnets
30:21 Imperial Age
28:25 Scale Barding Armor
29:20 Husbandry
29:30 Bloodlines
29:34 Forging
31:02 Chain Barding Armor
32:35 Conscription
32:52 Plate Barding Armor
32:04 Elite Jarl
35:25 Iron Casting
34:53 Onager
35:36 Fletching
40:58 Blast Furnace
39:53 Bodkin Arrow
HR | Darkjosh89
0:32 Loom
13:33 Feudal Age
14:13 Double-Bit Axe
14:09 Horse Collar
17:15 Castle Age
15:55 Fishing Lines
18:25 Scale Mail Armor
18:36 Forging
18:24 Eagle Warrior
20:10 Gillnets
25:27 Gold Mining
26:11 Chain Mail Armor
28:45 Squires
30:51 Fletching
35:08 Bow Saw
37:00 Arson
39:10 Wheelbarrow
42:03 Horse Collar
42:28 Stone Mining
44:25 Iron Casting
Ux'Double D
1:09 Loom
12:51 Feudal Age
14:19 Double-Bit Axe
16:51 Castle Age
15:57 Horse Collar
16:07 Gold Mining
17:53 Bow Saw
Paco Gerte Alrato
1:14 Loom
10:32 Feudal Age
15:02 Castle Age
14:18 Double-Bit Axe
15:53 Wheelbarrow
18:24 Horse Collar
21:33 Husbandry
25:56 Bloodlines
29:24 Scale Barding Armor
37:40 Chain Barding Armor
quesarito
0:26 Loom
10:46 Feudal Age
11:33 Double-Bit Axe
16:35 Fletching
17:06 Padded Archer Armor
18:17 Horse Collar
24:10 Castle Age
25:16 Bodkin Arrow
25:29 Thumb Ring
26:51 Ballistics
25:55 Crossbowman
28:14 Leather Archer Armor
28:35 Wheelbarrow
28:53 Heavy Plow
29:33 Hand Cart
30:02 Bow Saw
33:34 Fortified Wall
37:57 Imperial Age
36:55 Stone Mining
36:57 Gold Mining
38:50 Bracer
39:51 Chemistry
39:22 Ring Archer Armor
39:29 Conscription
44:26 Conscription
khungbo
0:48 Loom
11:34 Feudal Age
16:08 Castle Age
15:52 Double-Bit Axe
15:47 Horse Collar
19:04 Squires
20:33 Forging
21:22 Bow Saw
23:53 Heavy Plow
25:59 Wheelbarrow
25:11 Town Watch
25:28 Scale Mail Armor
27:58 Hand Cart
28:19 Iron Casting
27:32 Arson
29:12 Gold Mining
29:45 Fletching
30:24 Padded Archer Armor
31:26 Gold Shaft Mining
30:43 Stone Mining
32:08 Bodkin Arrow
34:57 Imperial Age
33:10 Coinage
34:39 Stone Shaft Mining
34:30 Chain Mail Armor
34:31 Leather Archer Armor
35:16 Ballistics
35:50 Bracer
36:37 Plate Mail Armor
36:24 Murder Holes
37:30 Chemistry
37:30 Masonry
37:47 Conscription
39:04 Blast Furnace
40:40 Chemistry
39:18 Elite Fire Archer
40:18 Sitting Tiger
40:22 Red Cliffs Tactics
40:43 Conscription
41:52 Banking
41:22 Caravan
45:00 Pikeman
Eugenius
12:21 Feudal Age
13:11 Double-Bit Axe
13:07 Horse Collar
16:09 Castle Age
14:49 Bloodlines
16:10 Light Cavalry
17:10 Husbandry
18:59 Scale Barding Armor
35:26 Chain Barding Armor
Connection lost

Rejoining the realm…

Still unreachable

The connection could not be restored.

Session expired

The server has moved on; the page needs a fresh start.